 Dungeon Crawl Stone Soup version 0.27.1-33-g824d729ab1 (webtiles) character file.

Game seed: 17009185458645826361

89 zeram the Poker (level 4, -1/35 HPs)
             Began as a Merfolk Fighter on Dec 23, 2021.
             Succumbed to a scorpion's poison
             ... on level 3 of the Dungeon.
             The game lasted 00:02:11 (1916 turns).

zeram the Poker (Merfolk Fighter)                   Turns: 1916, Time: 00:02:12

Health: -1/35      AC:  9    Str: 16    XL:     4   Next: 55%
Magic:  4/4        EV: 11    Int:  8    God:
Gold:   58         SH:  9    Dex: 13    Spells: 3/3 levels left

rFire    . . .     SeeInvis .   a - +0 trident
rCold    + . .     Faith    .   c - +0 kite shield
rNeg     . . .     Spirit   .   b - +0 scale mail
rPois    .         Reflect  .   (no helmet)
rElec    .         Harm     .   l - +1 cloak
rCorr    .         Rampage  .   h - +0 pair of gloves
Will     .....                  (no boots)
Stlth    ..........             (no amulet)
HPRegen  0.11/turn              e - +4 ring of evasion
MPRegen  0.09/turn              i - ring of protection from cold

@: lethally poisoned (-1 -> -21), weak-willed
A: (nimble swimmer 2), mertail
a: no special abilities


You were on level 3 of the Dungeon.
You visited 1 branch of the dungeon, and saw 3 of its levels.

You collected 58 gold pieces.

Inventory:

Hand Weapons
 a - a +0 trident (weapon)
Armour
 b - a +0 scale mail (worn)
 c - a +0 kite shield (worn)
 h - a +0 pair of gloves (worn)
 l - a +1 cloak (worn)
Jewellery
 e - a +4 ring of evasion (left hand)
 i - a ring of protection from cold (right hand)
Potions
 d - a potion of might
 k - a potion of curing {unknown}


   Skills:
 - Level 3.2 Fighting
 + Level 5.3 Polearms
 - Level 2.2 Armour
 + Level 1.2 Dodging
 + Level 3.9 Shields


You had 3 spell levels left.
You didn't know any spells.
Your spell library contained the following spells:

 Spells                   Type           Power      Damage    Failure   Level
 Frozen Ramparts          Ice            0%         1d2       100%        3
 Ice Form                 Ice/Tmut       0%         N/A       100%        4
 Summon Ice Beast         Ice/Summ       0%         N/A       100%        4


Dungeon Overview and Level Annotations

Branches:
Dungeon (3/15)

Altars:

Shops:
D:1 :


Innate Abilities, Weirdness & Mutations

((You are quick and stealthy near water. (Stealth+, EV+, Speed+++)))
Your lower body shifts to a powerful aquatic tail in water.


Message History

Done exploring.
Done exploring.
Done exploring.
(D) Dungeon
Where to? (Enter - D:2, ? - help)
Your surroundings suddenly seem different.
Done exploring.
Done exploring.
Done exploring.
Done exploring.
Done exploring.
(D) Dungeon
Where to? (Enter - D:3, ? - help)
You see here 14 poisoned darts.
There is a stone staircase leading down here.
You climb downwards.
Found an orange potion.
There is a stone staircase leading up here.
A scorpion comes into view.
Found 15 gold pieces.
A scorpion is nearby!
A scorpion is nearby!
Found 2 murky cyan potions.
You hit the scorpion but do no damage. You block the scorpion's attack.
You closely miss the scorpion. The scorpion stings you.
You are poisoned.
The scorpion poisons you! The scorpion stings you.
You are lethally poisoned!
The scorpion poisons you!
You barely miss the scorpion.
You feel extremely sick. The scorpion stings you.
You are more poisoned.
The scorpion poisons you!
* * * LOW HITPOINT WARNING * * *
You feel very sick. You block the scorpion's attack.
* * * LOW HITPOINT WARNING * * *
You feel very sick.
You die...

.# ... #.# ######.#
####....#.# .#
..........#####...#
...........<....##
..........@........
........s.#...##...
..........#........
..........#...#...
..........#.#.#....
....!.....#.#.# #.#
..........#.#.# .#
............#
.......$.###


You could see a scorpion.

Vanquished Creatures
  Natasha (D:2)
  2 adders (D:2)
  2 worms (D:2)
  A dart slug (D:1)
  6 bats
  3 endoplasms
  2 giant cockroaches
  3 goblins
  3 hobgoblins
  2 jackals (D:2)
  A kobold (D:2)
  2 quokkas
  4 ball pythons (D:1)
  3 frilled lizards
  4 rats
39 creatures vanquished.

Notes
Turn   | Place    | Note
-------+----------+-------------------------------------------
     0 | D:1      | zeram the Merfolk Fighter began the quest for the Orb.
     0 | D:1      | Reached XP level 1. HP: 18/18 MP: 1/1
     6 | D:1      | Noticed a swamp drake
     6 | D:1      | Noticed a hog
     6 | D:1      | Noticed a lindwurm
     7 | D:1      | Noticed a black mamba
   140 | D:1      | Found Kyimado's Book Boutique.
   147 | D:1      | Reached XP level 2. HP: 24/24 MP: 2/2
   536 | D:1      | Found a faded altar of an unknown god.
   547 | D:1      | Reached skill level 4 in Polearms
  1046 | D:2      | Reached XP level 3. HP: 29/29 MP: 3/3
  1399 | D:2      | Noticed Natasha
  1416 | D:2      | Killed Natasha
  1417 | D:2      | Reached skill level 5 in Polearms
  1417 | D:2      | Reached skill level 1 in Dodging
  1417 | D:2      | Reached XP level 4. HP: 16/35 MP: 4/4
  1908 | D:3      | Noticed a scorpion
  1916 | D:3      | Succumbed to a scorpion's poison

Illustrated notes

Levels and vault maps discovered:
D:1:      onia_arrival_zoo_common, layout_basic,
          hellmonk_ecumenical_altar_crossroads, serial_shops, shop
D:2:      layout_basic, uniq_natasha
D:3:      layout_basic, minmay_misc_feat_nine_boxes, kennysheep_cluttered_room,
          amethyst_killhole, minmay_increasing_density, uniq_sigmund

Skill      XL: |  1  2  3 |
---------------+----------+-----
Polearms       | 4 5 |  5.3
Dodging        | 1 |  1.2
Fighting       | |  3.2
Armour         | |  2.2
Shields        | |  3.9

Action                   |  1- 3 |  4- 6 || total
-------------------------+-------+-------++-------
Melee: Trident           |   124 |    31 ||   155
  Use: Scroll            |       |     3 ||     3
Armor: Scale mail        |    36 |    11 ||    47
Dodge: Dodged            |    48 |     7 ||    55
Block: Kite shield       |    55 |    16 ||    71
